 Dungeon Crawl Stone Soup version 0.22.1-5-g62c59d9 (webtiles) character file.

20603 marthius the Fighter (level 12, -2/98 HPs)
             Began as a Demonspawn Fighter on Jan 12, 2019.
             Was a High Priest of Vehumet.
             Slain by an orc warrior
             ... wielding a +0 trident
              (13 damage)
             ... on level 1 of the Orcish Mines.
             The game lasted 01:27:17 (17878 turns).

marthius the Fighter (Demonspawn Fighter)          Turns: 17878, Time: 01:27:18

Health: -2/98      AC: 19    Str: 22    XL:     12   Next: 46%
Magic:  17/17      EV:  6    Int:  9    God:    Vehumet [*****.]
Gold:   1031       SH: 12    Dex: 13    Spells: 10/11 levels left

rFire    . . .     SeeInvis .   a - +1 long sword
rCold    . . .     Gourm    .   c - +0 shield
rNeg     . . .     Faith    .   C - +0 plate armour
rPois    .         Spirit   .   (no helmet)
rElec    .         Reflect  .   M - +1 cloak
rCorr    .         Harm     .   (no gloves)
MR       .....                  (boots unavailable)
Stlth    ..........             (no amulet)
HPRegen  0.26/turn              (no ring)
MPRegen  0.15/turn              (no ring)

@: no status effects
A: hooves 3, yellow scales 2, demonic guardian 2, powered by death 2
a: Renounce Religion


You were on level 1 of the Orcish Mines.
You worshipped Vehumet.
Vehumet was extremely pleased with you.
You were hungry.

You visited 2 branches of the dungeon, and saw 17 of its levels.

You collected 1166 gold pieces.
You spent 135 gold pieces at shops.

Inventory:

Hand Weapons
 a - a +1 long sword (weapon)
 b - a +4 flail of protection
 i - a +0 hunting sling
 j - a +0 great sword
 q - a +0 short sword of venom
 G - a +2 dire flail of holy wrath
 J - a +1 war axe of chopping
 P - a +0 blowgun
 W - a cursed +3 flail
 X - a +2 broad axe
Missiles
 o - 516 stones (quivered)
 s - 107 poisoned needles
Armour
 c - a +0 shield (worn)
 e - a scarf of resistance
 k - a +0 pair of boots
 v - a +0 large shield
 x - a +0 troll leather armour
 A - a +3 leather armour
 C - a +0 plate armour (worn)
 F - a +2 troll leather armour {Snorg}
 M - a +1 cloak (worn)
Jewellery
 p - an uncursed ring of protection from magic
 r - an uncursed amulet of the gourmand
Wands
 y - a wand of flame (21)
 H - a wand of disintegration (17)
 I - a wand of digging (16)
 L - a wand of polymorph (20)
 Q - a wand of random effects (59)
 R - a wand of paralysis (16)
Scrolls
 h - 3 scrolls of teleportation
 l - 6 scrolls of magic mapping
 n - 3 scrolls of immolation
 t - 4 scrolls of amnesia
 u - 3 scrolls of remove curse
 B - 6 scrolls of enchant weapon
 D - a scroll of fog
 N - a scroll of acquirement {unknown}
 O - a scroll of blinking {unknown}
 U - a scroll of enchant armour {unknown}
 V - a scroll of holy word {unknown}
Potions
 d - a potion of brilliance
 w - 5 potions of lignification
 z - a potion of magic
 E - 6 potions of flight
 K - a potion of agility
 S - a potion of cancellation
Miscellaneous
 T - a sack of spiders
Comestibles
 f - 23 rations
 Y - a chunk of flesh


   Skills:
 + Level 10.4 Fighting
 + Level 9.3 Long Blades
 + Level 9.5 Armour
 + Level 9.5 Shields
 + Level 7.1 Evocations


You had 10 spell levels left.
You knew the following spells:

 Your Spells              Type           Power        Failure   Level  Hunger
a - Magic Dart            Conj           #...         94%         1    ##.....

Your spell library contained the following spells:

 Spells                   Type           Power        Failure   Level  Hunger
 Iskenderun's Mystic Bla  Conj           #.......     100%        4    #####..
 Animate Skeleton         Necr           N/A          100%        1    ##.....
 Pain                     Necr           #...         100%        1    ##.....
 Regeneration             Chrm/Necr      #.........   100%        3    ####...
 Vampiric Draining        Necr           #.........   100%        3    ####...
 Animate Dead             Necr           N/A          100%        4    #####..


Dungeon Overview and Level Annotations

Branches:
Dungeon (15/15)            Temple (0/1) D:6            Lair (0/6) D:11
    Orc (2/2) D:10         Vaults (0/5) D:14         Depths (0/5) D:15
    Elf: Orc:2

Altars:
Hepliaklqana
Okawaru
Qazlal
Uskayaw
Vehumet
Xom
Zin
The Shining One
Beogh

Shops:
D:4 (   D:5 **   D:6 *   D:8 :   D:9 *


Innate Abilities, Weirdness & Mutations

You have hooves in place of feet.
You are mostly covered in yellow scales. (AC +3)
A demonic guardian rushes to your aid.
You regenerate health from kills.


Message History

The orc is moderately wounded.
The orc wizard casts a spell.
The orc wizard blinks!
You block the orc warrior's attack. You block the orc's attack.
You slash the orc!
You kill the orc!
Vehumet accepts your kill. You block the orc warrior's attack.
The orc warrior hits you from afar with a trident!
* * * LOW HITPOINT WARNING * * *
The orc wizard hits you but does no damage.
You hit the orc wizard.
You kick the orc wizard, but do no damage.
The orc wizard is lightly wounded.
The orc wizard mumbles some strange words.
The orc wizard blinks!
You block the orc warrior's attack.
The orc wizard gestures at you while chanting.
You easily resist.
The orc warrior hits you with a trident!
You die...

# #..... # ....... # ###
##........# #
##..##.......... ##
##....#.......... .##
##.#.o.#..§.......
..#######........§.§#.....
.....#.###.....§.§§§§.....
........##.....§@§§§§.#
.....#.######..§o§§§§#
..#######.##...§§§§§§# ..#
#....###...§§§§...
.#######..## #...§§§......
####..#..### ##...........
# #........## #...........
##........####.#........
####.........# ####......#


You could see an orc warrior and an orc wizard.

Vanquished Creatures
  A hydra (D:12)
  2 centaur warriors (D:13)
  A harpy (shapeshifter) (D:14)
  A cyclops (D:14)
  Maurice (D:12)
  2 trolls
  A meliai zombie (D:13)
  A hippogriff (D:15)
  2 shadows
  A redback (shapeshifter) (D:14)
  A wyvern (D:12)
  3 yaks (D:14)
  2 hogs (D:11)
  3 wraiths
  A human (D:11)
  A warg (Orc:1)
  5 vampire mosquitoes
  An acid dragon (D:14)
  A sky beast (D:5)
  8 orc warriors
  3 black bears
  2 ice beasts
  2 phantoms
  6 ogres
  2 necrophages
  8 centaurs
  2 crocodiles
  4 big kobolds
  3 bullfrogs
  2 scorpions
  2 wyvern skeletons
  7 killer bees
  5 wights (D:14)
  5 crimson imps
  3 centaur zombies
  A quasit (D:10)
  9 bullfrog skeletons
  2 bullfrog zombies
  6 hounds
  11 orc priests
  2 jellies
  2 centaur skeletons
  11 orc wizards
  4 iguanas
  Natasha (D:4)
  10 worker ants
  A hound zombie (D:8)
  A hound skeleton (D:4)
  2 howler monkey skeletons
  13 adders
  7 shadow imps
  An ooze (D:1)
  3 adder skeletons
  3 worms
  3 dart slugs (D:1)
  4 leopard geckos
  86 orcs
  4 giant cockroaches
  6 goblins
  12 hobgoblins
  2 jackals (D:4)
  5 quokkas
  A ball python (D:4)
  6 bats
  8 frilled lizards
  21 kobolds
  A leopard gecko zombie (D:8)
  7 rats
351 creatures vanquished.

Vanquished Creatures (collateral kills)
  Snorg (D:12)
  A death knight (D:14)
  4 two-headed ogres
  2 tengu warriors
  A wizard (D:14)
  2 orc knights
  A manticore (D:13)
  An ugly thing (D:12)
  Psyche (D:8)
  A centaur skeleton (D:11)
  A komodo dragon (D:12)
  A kobold demonologist (D:12)
  A troll (D:11)
  3 hippogriffs
  A slime creature (shapeshifter) (D:14)
  A wraith (D:14)
  14 yaks
  2 hogs (D:11)
  A vampire mosquito (D:13)
  2 hungry ghosts
  A warg (Orc:1)
  An orc warrior (D:11)
  An ice beast (D:11)
  A sky beast (D:13)
  8 centaurs
  2 bullfrogs
  4 killer bees (D:7)
  A hound (D:12)
  An orc priest (D:11)
  4 orc wizards
  A worker ant (D:12)
  An adder (D:5)
  A shadow imp (D:11)
  6 orcs
  2 kobolds (D:12)
77 creatures vanquished.

Vanquished Creatures (others)
  An orc wizard (D:11)
  A withered plant (D:15)
2 creatures vanquished.

Grand Total: 430 creatures vanquished

Notes
Turn   | Place    | Note
-------+----------+-------------------------------------------
     0 | D:1      | marthius the Demonspawn Fighter began the quest for the
                  | Orb.
     0 | D:1      | Reached XP level 1. HP: 18/18 MP: 1/1
   189 | D:1      | Gained mutation: You regenerate a little health from kills.
                  | [demonic ancestry]
   189 | D:1      | Reached XP level 2. HP: 24/24 MP: 2/2
   513 | D:1      | Gained mutation: You are partially covered in yellow
                  | scales. (AC +2) [demonic ancestry]
   513 | D:1      | Reached XP level 3. HP: 21/29 MP: 3/3
  1456 | D:2      | Gained mutation: You have large cloven feet. [demonic
                  | ancestry]
  1456 | D:2      | Reached XP level 4. HP: 23/37 MP: 4/4
  1725 | D:2      | Found a glowing silver altar of Zin.
  2288 | D:3      | Found a glowing golden altar of the Shining One.
  2481 | D:3      | Reached skill level 4 in Fighting
  2558 | D:3      | Reached XP level 5. HP: 38/42 MP: 5/5
  3447 | D:4      | Found a radiant altar of Vehumet.
  3462 | D:4      | Became a worshipper of Vehumet
  3504 | D:4      | Gained mutation: You have hoof-like feet. [demonic
                  | ancestry]
  3504 | D:4      | Reached XP level 6. HP: 41/49 MP: 6/6
  3743 | D:4      | Found Cimo's Weapon Shop.
  4205 | D:4      | Noticed Natasha
  4210 | D:4      | Killed Natasha
  4288 | D:5      | Entered Level 5 of the Dungeon
  4338 | D:5      | Gained mutation: A weak demonic guardian rushes to your
                  | aid. [demonic ancestry]
  4338 | D:5      | Reached XP level 7. HP: 48/55 MP: 7/7
  4574 | D:5      | Found Kiemu's General Store.
  4577 | D:5      | Bought a scroll of enchant weapon for 75 gold pieces
  4577 | D:5      | Bought a scroll of teleportation for 30 gold pieces
  4577 | D:5      | Bought a scroll of teleportation for 30 gold pieces
  4645 | D:5      | Reached skill level 5 in Fighting
  5080 | D:5      | Found Porug's Assorted Antiques.
  5242 | D:6      | Reached * piety under Vehumet
  5242 | D:6      | Offered knowledge of Magic Dart by Vehumet.
  5273 | D:6      | Learned a level 1 spell: Magic Dart
  5630 | D:6      | Reached skill level 5 in Shields
  5679 | D:6      | Found a staircase to the Ecumenical Temple.
  5748 | D:6      | Reached skill level 5 in Armour
  5748 | D:6      | Gained mutation: A demonic guardian rushes to your aid.
                  | [demonic ancestry]
  5748 | D:6      | Reached XP level 8. HP: 63/63 MP: 8/8
  5889 | D:6      | Reached skill level 6 in Fighting
  5895 | D:6      | Reached skill level 5 in Long Blades
  5988 | D:6      | Found Fuob's Assorted Antiques.
  6543 | D:7      | Noticed a hippogriff
  6548 | D:7      | Killed a hippogriff
  6815 | D:7      | Gained mutation: You are mostly covered in yellow scales.
                  | (AC +3) [demonic ancestry]
  6815 | D:7      | Reached XP level 9. HP: 55/69 MP: 9/9
  7813 | D:8      | Reached skill level 7 in Fighting
  7996 | D:8      | Noticed Psyche
  8001 | D:8      | Killed Psyche
  8001 | D:8      | Offered knowledge of Throw Flame by Vehumet.
  8047 | D:8      | Found a hazy altar of Hepliaklqana.
  8196 | D:8      | Reached ** piety under Vehumet
  8545 | D:8      | Found Zattium's Book Boutique.
  8972 | D:9      | Reached skill level 1 in Evocations
  9025 | D:9      | Found an iron altar of Okawaru.
  9191 | D:9      | Found a hide-covered altar of Uskayaw.
  9236 | D:9      | Noticed a two-headed ogre
  9246 | D:9      | Killed a two-headed ogre
  9246 | D:9      | Gained mutation: You regenerate health from kills. [demonic
                  | ancestry]
  9246 | D:9      | Reached XP level 10. HP: 37/78 MP: 9/11
  9495 | D:9      | Found Eshrieh's Assorted Antiques.
  9639 | D:9      | Found a stormy altar of Qazlal.
  9794 | D:10     | Entered Level 10 of the Dungeon
 10160 | D:10     | Reached skill level 8 in Fighting
 10228 | D:10     | Found a staircase to the Orcish Mines.
 10268 | D:10     | Offered knowledge of Ignite Poison by Vehumet.
 10753 | D:11     | Reached *** piety under Vehumet
 11144 | D:11     | Offered knowledge of Olgreb's Toxic Radiance by Vehumet.
 11171 | D:11     | Found a staircase to the Lair.
 11221 | D:11     | Found a shimmering altar of Xom.
 11493 | D:11     | Reached **** piety under Vehumet
 11514 | D:11     | Offered knowledge of Fulminant Prism by Vehumet.
 11522 | D:11     | Noticed an orc knight
 11539 | D:11     | Killed an orc knight
 11819 | D:11     | Found a roughly hewn altar of Beogh.
 12679 | D:12     | Noticed Snorg
 12725 | D:12     | Killed Snorg
 12725 | D:12     | Reached skill level 9 in Fighting
 12725 | D:12     | Reached XP level 11. HP: 73/89 MP: 14/14
 12741 | D:12     | Noticed a purple ugly thing
 12746 | D:12     | Killed a purple ugly thing
 12815 | D:12     | Noticed a seven-headed hydra
 12830 | D:12     | Noticed Maurice
 12831 | D:12     | Killed a seven-headed hydra
 12885 | D:12     | Killed Maurice
 12933 | D:12     | Noticed a two-headed ogre
 12939 | D:12     | Killed a two-headed ogre
 12939 | D:12     | Reached skill level 5 in Evocations
 13121 | D:12     | Noticed a two-headed ogre
 13126 | D:12     | Reached ***** piety under Vehumet
 13622 | D:12     | Killed a two-headed ogre
 13976 | D:12     | Offered knowledge of Iskenderun's Mystic Blast by Vehumet.
 14506 | D:13     | Noticed a centaur warrior
 14539 | D:14     | Noticed a tengu warrior
 14539 | D:14     | Noticed a tengu warrior
 14543 | D:15     | Entered Level 15 of the Dungeon
 14546 | D:15     | Killed a tengu warrior
 14631 | D:14     | Killed a tengu warrior
 15066 | D:13     | Killed a centaur warrior
 15376 | D:13     | Gained mutation: You have hooves in place of feet. [demonic
                  | ancestry]
 15376 | D:13     | Reached XP level 12. HP: 83/97 MP: 16/16
 15447 | D:13     | Reached skill level 10 in Fighting
 15646 | D:13     | Noticed a centaur warrior
 15665 | D:13     | Killed a centaur warrior
 16230 | D:14     | Noticed a two-headed ogre
 16240 | D:14     | Killed a two-headed ogre
 16254 | D:14     | Found a gate to the Vaults.
 16372 | D:14     | Noticed a storm dragon
 16451 | D:14     | Noticed a death knight
 16462 | D:14     | Killed a death knight
 16845 | D:15     | Found a staircase to the Depths.
 16845 | D:15     | Noticed a vampire mage
 17111 | Orc:1    | Entered Level 1 of the Orcish Mines
 17836 | Orc:2    | Entered Level 2 of the Orcish Mines
 17878 | Orc:1    | Slain by an orc warrior

Skill      XL: |  1  2  3  4  5  6  7  8  9 10 11 12 |
---------------+-------------------------------------+-----
Long Blades    | 2 3 4 5 6 7 8 9 |  9.3
Shields        | 3 4 5 6 7 8 9 |  9.5
Armour         | 3 4 5 7 8 9 |  9.5
Fighting       | 4 5 6 7 9 10 | 10.4
Evocations     | 1 4 6 7 |  7.1

Action                   |  1- 3 |  4- 6 |  7- 9 | 10-12 || total
-------------------------+-------+-------+-------+-------++-------
Melee: Long sword        |   105 |   333 |   556 |  1011 ||  2005
       Short sword       |       |       |     7 |       ||     7
       Kick              |       |       |       |    70 ||    70
Evoke: Wand              |       |       |     3 |    17 ||    20
  Use: Scroll            |       |     9 |     7 |    12 ||    28
       Potion            |       |     5 |       |    10 ||    15
 Stab: Distracted        |       |       |     1 |     1 ||     2
  Eat: Ration            |     1 |       |     1 |     5 ||     7
       Chunk             |       |     8 |    14 |    14 ||    36
Armor: Scale mail        |    37 |    44 |       |       ||    81
       Chain mail        |       |   149 |   138 |       ||   287
       Plate armour      |       |       |   199 |   696 ||   895
Dodge: Dodged            |    35 |    69 |   111 |   223 ||   438
Block: Shield            |    46 |   169 |   291 |   736 ||  1242
       Rpst.: Long sword |    14 |    20 |    38 |    55 ||   127
